 Dungeon Crawl Stone Soup version 0.22-a0-447-gee5f723 (console) character file.

14 vegansnacktivist the Chopper (level 2, 6/27 HPs)
             Began as a Deep Dwarf Fighter on June 4, 2018.
             Quit the game on level 3 of the Dungeon.
             The game lasted 00:01:06 (311 turns).

vegansnacktivist the Chopper (Deep Dwarf Fighter)    Turns: 311, Time: 00:01:07

Health: 6/27       AC:  6    Str: 19    XL:     2   Next: 27%
Magic:  2/2        EV:  7    Int:  8    God:
Gold:   13         SH:  9    Dex: 12    Spells: 1/1 levels left

rFire    . . .     SeeInvis .   a - +0 war axe
rCold    . . .     Gourm    .   c - +0 shield
rNeg     . . .     Faith    .   b - +0 scale mail
rPois    .         Spirit   .   (no helmet)
rElec    .         Reflect  .   (no cloak)
rCorr    .         Harm     .   (no gloves)
MR       +....                  (no boots)
Stlth    ..........             (no amulet)
HPRegen  0.00/turn              e - ring of wizardry
MPRegen  0.08/turn              h - ring of protection from magic

@: non-regenerating
A: damage resistance, heal wounds, sense surroundings 1, no regeneration
a: Heal Wounds


You were on level 3 of the Dungeon.
You were not hungry.

You visited 1 branch of the dungeon, and saw 3 of its levels.

You collected 13 gold pieces.

Inventory:

Hand Weapons
 a - a +0 war axe (weapon)
Armour
 b - a +0 scale mail (worn)
 c - a +0 shield (worn)
Jewellery
 e - a ring of wizardry (left hand)
 h - a ring of protection from magic (right hand)
Potions
 d - a potion of might
 g - a potion of heal wounds {unknown}
 i - a potion of curing {unknown}
Comestibles
 f - 2 rations


   Skills:
 - Level 2.6 Fighting
 + Level 3.3 Axes
 - Level 3.2 Armour
 - Level 3.2 Shields


You had one spell level left.
You didn't know any spells.
Your spell library was empty.

Dungeon Overview and Level Annotations

Branches:
Dungeon (3/15)

Altars:
Elyvilon


Innate Abilities, Weirdness & Mutations

You are resistant to damage.
You can heal yourself by infusing magical energy.
You passively map a small area around you.
You do not regenerate.


Message History

You hit the phantom but do no damage.
The phantom is severely damaged.
The phantom hits you but does no damage.
You barely miss the phantom.
The phantom is severely damaged.
You block the phantom's attack. x2
You hit the phantom.
The phantom is severely damaged.
The phantom barely misses you.
Your shield and scale mail prevent you from hitting the phantom.
The phantom is severely damaged.
The phantom hits you!
* * * LOW HITPOINT WARNING * * *
The phantom blinks!
The phantom blinks!
Things that are here:
a club; 13 stones
Found a dagger.
You see here a pair of gloves.
Are you sure you want to abandon this character and quit the game? (Confirm with "yes".)

* * * #...# ..#, #...#
#.# #)..# #.#,# #...#
#.#.# #...#
###.#.#########...#####
.....................#
####.#####......@.#### *
.<.......(.).....)'.....
#.#......#........#####.
* ,#......########## *
*#......# ,, #......# ,*
#......# #......#
#......######## * *


There were no monsters in sight!

Vanquished Creatures
  2 bats
  A giant cockroach (D:1)
  4 goblins (D:3)
  2 hobgoblins
  A quokka (D:3)
  A rat (D:3)
11 creatures vanquished.

Vanquished Creatures (others)
  A quokka (D:3)
1 creature vanquished.

Grand Total: 12 creatures vanquished

Notes
Turn   | Place    | Note
-------+----------+-------------------------------------------
     0 | D:1      | vegansnacktivist the Deep Dwarf Fighter began the quest for the Orb.
     0 | D:1      | Reached XP level 1. HP: 20/20 MP: 1/1
   195 | D:3      | Reached XP level 2. HP: 25/27 MP: 2/2
   196 | D:3      | Noticed a phantom
   201 | D:3      | Found a white marble altar of Elyvilon.
   224 | D:3      | HP: 1/27 [phantom (5)]
   311 | D:3      | Quit the game

Vault maps used:
D:1:      lemuel_arrival_tunnels
D:2:      uniq_natasha
D:3:      minmay_misc_feat_iff, elyvilon_altar_4

Skill      XL: |  1 |
---------------+----+-----
Axes           | 3 |  3.3
Fighting       | |  2.6
Armour         | |  3.2
Shields        | |  3.2

Action                   || total
-------------------------++-------
Melee: War axe           ||    57
 Abil: Heal Wounds       ||     2
Armor: Scale mail        ||    23
Dodge: Dodged            ||    13
Block: Shield            ||    28

Table legend:
 A = Spawn XP
 B = Non-spawn XP
 C = Spawn XP percentage of total XP
 D = Spawn monster count
 E = Non-spawn monster count
 F = Spawn count percentage of total count
 G = Total turns spent on level
                    A         B        C        D         E        F      G
               +---------+---------+-------+---------+---------+-------+---------
         Total |       0 |      20 |   0.0 |       0 |      11 |   0.0 |   311
               +---------+---------+-------+---------+---------+-------+---------
           D:1 |       0 |       4 |   0.0 |       0 |       2 |   0.0 |   111
           D:2 |       0 |       2 |   0.0 |       0 |       1 |   0.0 |    28
           D:3 |       0 |      14 |   0.0 |       0 |       8 |   0.0 |   172
               +---------+---------+-------+---------+---------+-------+---------
